 Dungeon Crawl Stone Soup version 0.28-a0-48-gfd831c5874 (webtiles) character file.

Game seed: 17380052190533696524

4 Spectrina the Sneak (level 1, -13/13 HPs)
             Began as a Deep Elf Delver on July 30, 2021.
             Mangled by a mummy (16 damage)
             ... in an ossuary.
             The game lasted 00:03:23 (526 turns).

Spectrina the Sneak (Deep Elf Delver)                Turns: 526, Time: 00:03:24

Health: -13/13     AC:  3    Str:  9    XL:     1   Next: 58%
Magic:  5/5        EV: 12    Int: 14    God:
Gold:   0          SH:  0    Dex: 16    Spells: 3/3 levels left

rFire   . . .      SeeInvis .   a - +0 short sword
rCold   . . .      Faith    .   (no shield)
rNeg    . . .      Spirit   .   b - +0 leather armour
rPois   .          Reflect  .   (no helmet)
rElec   .          Harm     .   (no cloak)
rCorr   .          Rampage  .   (no gloves)
Will    .....                   (no boots)
Stlth   +++.......              (no amulet)
HPRegen 0.04/turn               (no ring)
MPRegen 0.09/turn               (no ring)

@: no status effects
A: no striking features
a: no special abilities


You were in an ossuary.
You visited 1 branch of the dungeon, and saw 2 of its levels.
You also visited: Ossuary.

Inventory:

Hand Weapons
 a - a +0 short sword (weapon)
Armour
 b - a +0 leather armour (worn)
Wands
 g - a wand of digging (3)
Scrolls
 c - a scroll of fog
 d - a scroll of magic mapping
 e - a scroll of fear
 k - a scroll of identify {unknown}
 m - 2 scrolls of teleportation {unknown}
Potions
 f - 3 potions of haste
 h - a potion of mutation {unknown}
 i - a potion of attraction {unknown}
 j - a potion of brilliance {unknown}
 l - a potion of curing {unknown}


   Skills:
 - Level 2.4 Fighting
 - Level 2.0 Short Blades
 - Level 2.4 Dodging
 - Level 6.0 Stealth
 + Level 1.6 Spellcasting


You had 3 spell levels left.
You didn't know any spells.
Your spell library was empty.

Dungeon Overview and Level Annotations

Branches:
Dungeon (6/15)            Ossuary (1/1)
 Temple: D:4-7

Altars:


Message History

You open the door.
Found a scroll labelled FYREDU GUOMA.
There is an open door here.
m - a scroll labelled FYREDU GUOMA
There are no items here.
There is an open door here.
There is an open door here.
m - 2 scrolls labelled FYREDU GUOMA (gained 1)
There are no items here.
There is an open door here.
As you open the door, it creaks loudly!
You open the door.
Found a potion of haste.
There is an open door here.
f - 3 potions of haste (gained 1)
There are no items here.
There is an open door here.
The goblin zombie misses you.
You hit the goblin zombie.
The goblin zombie is moderately damaged.
The goblin zombie hits you but does no damage.
You hit the goblin zombie.
The goblin zombie is severely damaged.
The goblin zombie barely misses you.
You hit the elf zombie.
The elf zombie is lightly damaged.
You closely miss the elf zombie.
The elf zombie is lightly damaged.
The elf zombie hits you.
* * * LOW HITPOINT WARNING * * *
You open the door.
A mummy comes into view.
Found a bubbling red potion.
There is an open door here.
The helpless mummy fails to defend itself.
You impale the mummy!!
The mummy is almost destroyed.
The mummy hits you!
Ouch! That really hurt!
You die...

######################
#.....................
#....Z................
#..####..###..###..###
#..#M@...# .# #..#?#
#..####..#+#..# #..#M#
#........#.#..#.#..#.#
#.....................
#..####Z......###.....
#..#.'....8...# #...8.
#..####Z......# #.....
#..ZZ.........# #.....
#.....................


You could see a mummy.

Vanquished Creatures
  A gnoll zombie (Ossuary)
  2 goblin zombies (Ossuary)
  2 hobgoblin zombies (Ossuary)
  An orc zombie (Ossuary)
6 creatures vanquished.

Notes
Turn   | Place    | Note
-------+----------+-------------------------------------------
     0 | D:5      | Spectrina the Deep Elf Delver began the quest for the Orb.
     0 | D:5      | Reached XP level 1. HP: 13/13 MP: 3/3
    61 | D:6      | Noticed an orc wizard
    62 | D:6      | Noticed an orc wizard
    63 | D:6      | Noticed an orc priest
   109 | D:6      | Found a sand-covered staircase.
   116 | Ossuary  | Entered an ossuary
   116 | Ossuary  | Noticed a wraith
   116 | Ossuary  | Noticed a wraith
   116 | Ossuary  | Noticed a wraith
   187 | Ossuary  | Noticed a wraith
   213 | Ossuary  | Reached skill level 1 in Spellcasting
   526 | Ossuary  | Mangled by a mummy

Illustrated notes

Levels and vault maps discovered:
D:5:      layout_basic
D:6:      layout_basic, minmay_temple_entry_slanted, enter_ossuary_1
Ossuary:  ossuary_kennysheep_city_of_the_dead

Skill      XL: |  1 |
---------------+----+-----
Spellcasting   | 1 |  1.6
Fighting       | |  2.4
Short Blades   | |  2.0
Dodging        | |  2.4
Stealth        | |  6.0

Action                   || total
-------------------------++-------
Melee: Short sword       ||    52
 Stab: Sleeping          ||     2
Armor: Leather armour    ||    12
Dodge: Dodged            ||    26

Table legend: (Time is in decaauts)
 A = Elapsed time spent in this place.
 B = Non-inter-level travel time spent in this place.
 C = Inter-level travel time spent in this place.
 D = Time resting spent in this place.
 E = Time spent auto-exploring this place.
 F = Levels seen in this place.
 G = Mean time per level.
                   A        B        C        D        E       F      G
               +--------+--------+--------+--------+--------+-----+--------+
         Total |    525 |    525 |      0 |      0 |      0 |   3 |  175.0 |
       Dungeon |    115 |    115 |      0 |      0 |      0 |   2 |   57.5 |
       Ossuary |    409 |    409 |      0 |      0 |      0 |   1 |  409.0 |
               +--------+--------+--------+--------+--------+-----+--------+

Top non-repeatable levels by time:
 Ossuary: 409 daAuts
     D:6: 102 daAuts
     D:5: 13 daAuts
